 Dungeon Crawl Stone Soup version 0.23.2 (webtiles) character file.

Game seed: 15327105109482571060

30007 inika the Unseen (level 13, -13/82 HPs)
             Began as a Kobold Berserker on Apr 9, 2019.
             Was a High Priest of Trog.
             Mangled by Inugoy's ghost (42 damage)
             ... on level 5 of the Lair of Beasts.
             The game lasted 00:56:03 (14658 turns).

inika the Unseen (Kobold Berserker)                Turns: 14658, Time: 00:56:04

Health: -13/82     AC: 16    Str: 15    XL:     13   Next: 85%
Magic:  13/13      EV: 24    Int: 16    God:    Trog [*****.]
Gold:   863        SH:  0    Dex: 16    Spells: 12/12 levels left

rFire    . . .     SeeInvis .   g - +5 dagger (drain)
rCold    . . .     Gourm    .   (shield restricted)
rNeg     . . .     Faith    .   F - +3 troll leather armour
rPois    +         Spirit   .   b - +0 helmet of Tiyclum {Slay+3}
rElec    .         Reflect  +   (no cloak)
rCorr    .         Harm     .   J - +0 pair of gloves of Narcissism {+Fly rPois Int+8 Dex-3}
MR       .....                  n - +2 pair of boots
Stlth    ++++++....             K - +4 amulet of reflection
HPRegen  0.63/turn              j - +4 ring of evasion
MPRegen  0.13/turn              v - +4 ring of protection

@: sleeping, berserk cooldown, slowed, studying Bows, heavily drained
A: small, carnivore
a: Berserk, Trog's Hand, Brothers in Arms, Renounce Religion, Evoke Flight


You were on level 5 of the Lair of Beasts.
You worshipped Trog.
Trog was extremely pleased with you.
You were very full.

You visited 2 branches of the dungeon, and saw 16 of its levels.
You also visited: Sewer and Ossuary.

You collected 1100 gold pieces.
You spent 237 gold pieces at shops.

Inventory:

Hand Weapons
 g - a +5 dagger of draining (weapon)
 x - a +5 quick blade of freezing
Armour
 b - the +0 helmet of Tiyclum (worn) {Slay+3}
   (You found it on level 7 of the Dungeon)

   It affects your accuracy and damage with ranged weapons and melee attacks
   (+3).
 n - a +2 pair of boots (worn)
 F - a +3 troll leather armour (worn)
 J - the +0 pair of gloves of Narcissism (worn) {+Fly rPois Int+8 Dex-3}
   (You bought it in a shop on level 8 of the Dungeon)

   It affects your intelligence (+8).
   It affects your dexterity (-3).
   It protects you from poison.
   It lets you fly.
Jewellery
 j - a +4 ring of evasion (left hand)
 v - a +4 ring of protection (right hand)
 K - a +4 amulet of reflection (around neck)
Wands
 w - a wand of enslavement (23)
 y - a wand of acid (32)
 z - a wand of flame (13)
 A - a wand of iceblast (22)
 D - a wand of random effects (48)
 E - a wand of polymorph (10)
 H - a wand of digging (5)
 I - a wand of scattershot (4)
Scrolls
 f - 5 scrolls of blinking
 o - 4 scrolls of fog
 p - 5 scrolls of teleportation
 q - 4 scrolls of fear
 r - 2 scrolls of magic mapping
 u - 6 scrolls of remove curse
 G - 5 scrolls of identify
 N - a scroll of torment {unknown}
Potions
 a - 4 potions of might
 d - 2 potions of invisibility
 e - 2 potions of flight
 h - 7 potions of heal wounds
 i - 11 potions of curing
 k - 3 potions of haste
 l - a potion of agility
 m - 3 potions of brilliance
 s - 2 potions of magic
 t - 2 potions of mutation
 B - 3 potions of resistance
 C - a potion of lignification
 M - a potion of ambrosia
Books
 L - a manual of Bows
Comestibles
 c - 38 rations
 O - 2 chunks of flesh


   Skills:
 + Level 10.0(6.8) Fighting
 + Level 12.7(9.3) Short Blades
 + Level 3.8(1.1) Armour
 + Level 11.7(8.4) Dodging
 * Level 19.9(15.9) Stealth


You had 12 spell levels left.
You didn't know any spells.
Your spell library was empty.

Dungeon Overview and Level Annotations

Branches:
Dungeon (11/15)            Temple (0/1) D:7            Lair (5/6) D:11
  Swamp (0/4) Lair:3        Snake (0/4) Lair:4          Orc (0/2) D:11
  Slime: Lair:5-6

Altars:
Dithmenos
Elyvilon
Nemelex Xobeh
Uskayaw
Vehumet
Xom
Zin

Shops:
D:8 *   D:9 }

Annotations:
Lair:5 Inugoy's ghost, journeyman HOFi


Innate Abilities, Weirdness & Mutations

You are small and have problems with some larger weapons.
You are carnivorous and can eat meat at any time.


Message History

Inugoy's ghost is almost destroyed.
You hit Inugoy's ghost but do no damage.
Inugoy's ghost is almost destroyed.
You completely miss Inugoy's ghost.
Inugoy's ghost is almost destroyed.
Inugoy's ghost hits you!
You feel drained.
You closely miss Inugoy's ghost.
Inugoy's ghost is almost destroyed.
You are no longer berserk.
You are exhausted.
You feel yourself slow down.
You hit Inugoy's ghost.
Inugoy's ghost is almost destroyed.
Inugoy's ghost hits you!
You feel drained. The dream sheep misses you.
The dream sheep are wreathed in dream dust.
You feel drowsy...
You fall asleep.
Inugoy's ghost hits you!!!
Ouch! That really hurt!
You die...

....^.........^##.#
..............P# ##
..............##
..............#
..........###...#
.........##.##..##
.........#)_(#..P###
.........##W##......
.........t..@.......
..........#YY.......
.........#Y.......##
.........Y........#
........YY........#
..............>..#
..................#
[..............P##


You could see a crocodile, 6 dream sheep, a +1 war axe of chaos and Inugoy's
ghost.

Vanquished Creatures
  Gastronok (Lair:1)
  The ghost of Zoluav the Grappler, a journeyman TrMo of the Shining One (Lair:2)
  A hydra (Lair:3)
  Erica (D:9)
  2 two-headed ogres
  The ghost of OmG the Fighter, a novice DsWn of Uskayaw (D:7)
  An unseen horror (D:11)
  An ugly thing (D:11)
  A cyclops (D:10)
  A guardian serpent (Lair:4)
  2 black mambas
  A centaur zombie (D:10)
  4 spiny frogs
  4 komodo dragons
  A rime drake (Lair:5)
  2 trolls
  A queen bee (D:9)
  A merfolk (D:10)
  A meliai (Lair:2)
  A hornet (Lair:2)
  4 blink frogs (Lair:4)
  5 hippogriffs
  A vampire (D:10)
  2 wyverns
  2 wraiths (Ossuary)
  23 yaks
  Grum (D:8)
  6 water moccasins
  Duvessa (D:6)
  6 porcupines
  3 orc warriors
  An eye of draining (D:10)
  4 sky beasts
  An ice beast (D:6)
  A phantom (D:4)
  20 wolves
  7 ogres
  8 centaurs
  8 crocodiles
  4 big kobolds
  21 bullfrogs
  A water moccasin zombie (D:8)
  Dowan (D:6)
  5 scorpions
  A wyvern skeleton (D:10)
  41 killer bees
  6 wights
  5 howler monkeys
  8 crimson imps
  2 quasits
  5 hounds
  3 jellies
  8 orc priests
  16 orc wizards
  Jessica (D:3)
  A centaur skeleton (D:8)
  5 iguanas
  Ijyb (D:4)
  4 worker ants
  2 hound zombies
  2 hound skeletons
  4 worker ant zombies
  Robin (D:4)
  4 gnolls (D:3)
  16 adders
  6 river rats (Sewer)
  A shadow imp (D:5)
  2 oozes
  2 adder zombies
  An adder skeleton (D:5)
  A worm (D:2)
  3 dart slugs
  4 leopard geckos
  66 orcs
  6 giant cockroaches
  13 goblins
  7 hobgoblins
  18 jackals
  29 kobolds
  2 quokkas
  13 ball pythons
  2 ball python skeletons (Ossuary)
  7 bats
  8 frilled lizards
  2 goblin zombies (D:5)
  2 hobgoblin skeletons (Ossuary)
  3 hobgoblin zombies (Ossuary)
  A leopard gecko skeleton (D:4)
  An orc skeleton (Ossuary)
  A quokka skeleton (D:4)
  26 rats
  2 butterflies (Lair:4)
530 creatures vanquished.

Vanquished Creatures (collateral kills)
  A queen bee (Lair:2)
  A hornet (Lair:2)
  A basilisk (D:11)
  A soldier ant (D:11)
  A porcupine (D:11)
  2 crocodiles (D:11)
  5 orcs (D:11)
  A quokka (D:11)
13 creatures vanquished.

Vanquished Creatures (others)
  A bush (D:11)
  3 plants (D:11)
4 creatures vanquished.

Grand Total: 547 creatures vanquished

Notes
Turn   | Place    | Note
-------+----------+-------------------------------------------
     0 | D:1      | inika the Kobold Berserker began the quest for the Orb.
     0 | D:1      | Reached XP level 1. HP: 14/14 MP: 1/1
    33 | D:1      | Reached XP level 2. HP: 15/19 MP: 2/2
   406 | D:1      | Reached XP level 3. HP: 23/23 MP: 3/3
   407 | D:1      | Reached skill level 1 in Stealth
   875 | D:2      | Reached ** piety under Trog
   897 | D:2      | Found a shadowy altar of Dithmenos.
   935 | D:2      | Reached skill level 5 in Short Blades
   936 | D:2      | Reached XP level 4. HP: 29/29 MP: 4/4
  1041 | D:2      | Reached skill level 2 in Stealth
  1047 | D:2      | Reached XP level 5. HP: 27/33 MP: 5/5
  1602 | D:3      | Noticed Jessica
  1606 | D:3      | Killed Jessica
  1640 | D:3      | Reached skill level 3 in Stealth
  1797 | D:3      | Found a glowing drain.
  1805 | Sewer    | Entered a sewer
  1833 | Sewer    | Reached XP level 6. HP: 32/38 MP: 6/6
  2406 | Sewer    | Reached *** piety under Trog
  2751 | Sewer    | Reached XP level 7. HP: 27/44 MP: 7/7
  2755 | Sewer    | Reached skill level 4 in Stealth
  3093 | D:3      | Found a shimmering altar of Xom.
  3184 | D:3      | Reached skill level 5 in Dodging
  3643 | D:4      | Reached skill level 5 in Stealth
  3651 | D:4      | Reached **** piety under Trog
  3895 | D:4      | Reached XP level 8. HP: 32/48 MP: 8/8
  4011 | D:4      | Noticed Robin
  4049 | D:4      | Killed Robin
  4111 | D:4      | Reached skill level 6 in Stealth
  4388 | D:4      | Noticed Ijyb
  4404 | D:4      | Killed Ijyb
  4421 | D:5      | Entered Level 5 of the Dungeon
  4425 | D:5      | Reached skill level 7 in Stealth
  4439 | D:5      | Reached skill level 5 in Fighting
  4478 | D:5      | Found a sand-covered staircase.
  4485 | Ossuary  | Entered an ossuary
  4725 | Ossuary  | Noticed a flying skull
  4725 | Ossuary  | Noticed a wraith
  4731 | Ossuary  | Noticed a flying skull
  4734 | Ossuary  | Noticed a flying skull
  4736 | Ossuary  | Noticed a flying skull
  4796 | Ossuary  | Noticed a wraith
  4797 | Ossuary  | Killed a wraith
  4797 | Ossuary  | Reached skill level 8 in Stealth
  4810 | Ossuary  | Noticed a wraith
  4811 | Ossuary  | Killed a wraith
  4811 | Ossuary  | Reached skill level 9 in Stealth
  4811 | Ossuary  | Reached XP level 9. HP: 54/54 MP: 9/9
  4971 | D:5      | Found a sparkling altar of Nemelex Xobeh.
  5000 | D:5      | Reached skill level 10 in Stealth
  5258 | D:5      | Reached ***** piety under Trog
  5569 | D:6      | Reached skill level 11 in Stealth
  5865 | D:6      | Found a white marble altar of Elyvilon.
  5904 | D:6      | Noticed a +0 dagger
  5905 | D:6      | Found a hide-covered altar of Uskayaw.
  5906 | D:6      | Noticed a +0 dagger
  6068 | D:6      | Found a glowing silver altar of Zin.
  6208 | D:6      | Reached skill level 12 in Stealth
  6299 | D:6      | Noticed Duvessa
  6301 | D:6      | Noticed Dowan
  6315 | D:6      | Killed Duvessa
  6317 | D:6      | Killed Dowan
  6396 | D:7      | Reached XP level 10. HP: 48/59 MP: 10/10
  6844 | D:7      | Found the +8 demon blade "Leech" {vamp, rN+ AC-3 EV-3}
  6846 | D:7      | Found a runed translucent gate.
  6847 | D:7      | Found a runed translucent gate.
  6850 | D:7      | Reached skill level 13 in Stealth
  6851 | D:7      | Found a runed translucent gate.
  6951 | D:7      | Found a staircase to the Ecumenical Temple.
  6969 | D:7      | Noticed OmG's ghost (novice DsWn)
  6995 | D:7      | Killed OmG's ghost
  7019 | D:7      | Got a spiked helmet
  7025 | D:7      | Identified the +0 helmet of Tiyclum {Slay+3} (You found it
                  | on level 7 of the Dungeon)
  7215 | D:7      | Found a shadowy altar of Dithmenos.
  7269 | D:8      | Found Orin's Assorted Antiques.
  7282 | D:8      | Bought a pair of transparent gloves for 237 gold pieces
  7287 | D:8      | Identified the cursed +0 pair of gloves of Narcissism {+Fly
                  | rPois Int+8 Dex-3} (You bought it in a shop on level 8 of
                  | the Dungeon)
  7402 | D:8      | Reached skill level 10 in Short Blades
  7545 | D:8      | Reached skill level 14 in Stealth
  7650 | D:8      | Identified the +0 robe of Distant Shores {*Slow rPois rF+
                  | rC+}
  7651 | D:8      | Noticed Grum
  7680 | D:8      | Killed Grum
  8094 | D:9      | Noticed Erica
  8101 | D:9      | Killed Erica
  8101 | D:9      | Reached skill level 15 in Stealth
  8101 | D:9      | Reached XP level 11. HP: 66/66 MP: 11/11
  8520 | D:9      | Reached skill level 16 in Stealth
  8549 | D:9      | Found Vicsev's Gadget Emporium.
  8607 | D:9      | Noticed a two-headed ogre
  8622 | D:9      | Killed a two-headed ogre
  8772 | D:10     | Entered Level 10 of the Dungeon
  9006 | D:10     | Reached ****** piety under Trog
  9008 | D:10     | Received a gift from Trog
  9258 | D:10     | Noticed a cyclops
  9259 | D:10     | Reached skill level 17 in Stealth
  9284 | D:10     | Killed a cyclops
  9284 | D:10     | Reached XP level 12. HP: 72/72 MP: 12/12
  9669 | D:11     | Noticed a two-headed ogre
  9685 | D:11     | Killed a two-headed ogre
  9884 | D:11     | Found a staircase to the Orcish Mines.
  9952 | D:11     | Received a gift from Trog
 10217 | D:11     | Reached skill level 18 in Stealth
 10240 | D:11     | Killed an unseen horror
 10240 | D:11     | Reached skill level 10 in Dodging
 10403 | D:11     | Found a staircase to the Lair.
 10426 | D:11     | Found a radiant altar of Vehumet.
 10442 | Lair:1   | Entered Level 1 of the Lair of Beasts
 10530 | Lair:1   | Noticed Gastronok
 10573 | Lair:1   | Killed Gastronok
 10847 | Lair:1   | Reached XP level 13. HP: 68/80 MP: 5/13
 11550 | Lair:2   | Found a transporter.
 11554 | Lair:2   | Found a transporter.
 11555 | Lair:2   | Noticed Zoluav's ghost (journeyman TrMo)
 11600 | Lair:2   | Received a gift from Trog
 11656 | Lair:2   | Killed Zoluav's ghost
 12045 | Lair:2   | Reached skill level 19 in Stealth
 12869 | Lair:3   | Noticed a four-headed hydra
 12876 | Lair:3   | Killed a four-headed hydra
 13050 | Lair:3   | Found a staircase to the Swamp.
 13493 | Lair:4   | Found a staircase to the Snake Pit.
 14138 | Lair:4   | Identified a scroll of acquirement
 14368 | Lair:5   | Reached skill level 10 in Fighting
 14624 | Lair:5   | Found a runed translucent door.
 14624 | Lair:5   | Found a shimmering altar of Xom.
 14624 | Lair:5   | Noticed Inugoy's ghost (journeyman HOFi)
 14658 | Lair:5   | Mangled by Inugoy's ghost

Skill      XL: |  1  2  3  4  5  6  7  8  9 10 11 12 13 |
---------------+----------------------------------------+-----
Stealth        | 1 2 3 5 9 12 15 17 18 19 | 19.9
Short Blades   | 5 6 7 8 9 10 11 12 | 12.7
Dodging        | 3 4 5 6 7 9 10 11 | 11.7
Fighting       | 4 5 6 7 9 10 | 10.0
Armour         | 2 3 |  3.8

Action                   |  1- 3 |  4- 6 |  7- 9 | 10-12 | 13-15 || total
-------------------------+-------+-------+-------+-------+-------++-------
Melee: Short sword       |    72 |    59 |       |       |       ||   131
       Rapier            |       |   171 |   110 |     6 |       ||   287
       Dagger            |       |       |   325 |   704 |   375 ||  1404
       Quick blade       |       |       |       |   161 |       ||   161
Invok: Berserk           |     1 |     7 |     5 |     9 |     4 ||    26
       Trog's Hand       |       |       |     1 |     5 |     3 ||     9
       Brothers in Arms  |       |       |       |     1 |     2 ||     3
  Use: Scroll            |       |     5 |    16 |     9 |     5 ||    35
       Potion            |       |       |     1 |       |     2 ||     3
 Stab: Sleeping          |     1 |     3 |    28 |    27 |    27 ||    86
       Distracted        |       |       |     1 |     4 |     1 ||     6
  Eat: Chunk             |     8 |    12 |    18 |    25 |    17 ||    80
Armor: Animal skin       |     7 |     9 |       |       |       ||    16
       Robe              |       |    62 |    57 |    40 |       ||   159
       Troll leather arm |       |       |       |    49 |    44 ||    93
Dodge: Dodged            |    74 |   285 |   237 |   482 |   283 ||  1361
Block: Other             |       |       |       |     5 |    10 ||    15
